 Dungeon Crawl Stone Soup version 0.19-a0-1697-g0595f0e (webtiles) character file.

55 Jraekied the Charmwright (level 3, 0/25 HPs)
             Began as a High Elf Skald on Sept 26, 2016.
             Killed from afar by an orc wizard (4 damage)
             ... with a magic dart
             ... on level 3 of the Dungeon.
             The game lasted 00:06:54 (1988 turns).

Jraekied the Charmwright (High Elf Skald)           Turns: 1988, Time: 00:06:55

Health: 0/25       AC:  4    Str: 11    XL:     3   Next: 67%
Magic:  7/7        EV: 11    Int: 15    God:
Gold:   103        SH:  4    Dex: 16    Spells: 3 memorised, 1 level left

rFire  + . .     SeeInvis .     a - +0 falchion
rCold  + . .     Gourm    .     b - +0 leather armour
rNeg   . . .     Faith    .     m - +0 buckler
rPois  +         Spirit   .     (no helmet)
rElec  +         Dismiss  .     (no cloak)
rCorr  +         Reflect  .     (no gloves)
MR     .....     Harm     .     (no boots)
Stlth  +.........               (no amulet)
                                (no ring)
                                (no ring)

@: resistant
A: no striking features
a: no special abilities


You were on level 3 of the Dungeon.
You were hungry.

You visited 1 branch of the dungeon, and saw 3 of its levels.

You collected 103 gold pieces.

Inventory:

Hand Weapons
 a - a +0 falchion (weapon)
Missiles
 k - 120 stones (quivered)
Armour
 b - a +0 leather armour (worn)
 m - a +0 buckler (worn)
Jewellery
 p - an uncursed ring of magical power {unknown}
Scrolls
 f - a scroll of fear {unknown}
 g - a scroll of teleportation {unknown}
 h - a scroll of identify {unknown}
 j - 4 scrolls of remove curse {unknown}
 l - a scroll of enchant weapon {unknown}
 n - a scroll of enchant armour {unknown}
 o - a scroll of amnesia {unknown}
Books
 c - a book of Battle

   Spells                             Type                      Level
   a - Infusion                       Charms                       1
   b - Shroud of Golubria             Charms/Translocation         2
   c - Song of Slaying                Charms                       2
   d - Spectral Weapon                Hexes/Charms                 3
   e - Regeneration                   Charms/Necromancy            3
Comestibles
 d - 3 bread rations


   Skills:
 - Level 2.3 Fighting
 * Level 3.4 Long Blades
 - Level 0.8 Armour
 - Level 1.1 Dodging
 + Level 1.0 Shields
 - Level 2.4 Spellcasting
 - Level 4.4 Charms


You had one spell level left.
You knew the following spells:

 Your Spells              Type           Power        Failure   Level  Hunger
a - Infusion              Chrm           ###.         8%          1    #......
b - Song of Slaying       Chrm           ###.....     12%         2    ###....
c - Shroud of Golubria    Chrm/Tloc      #.........   28%         2    ###....


Dungeon Overview and Level Annotations

Branches:
Dungeon (3/15)

Altars:


Message History

Something barely misses you.
You miss something. The orc closely misses you.
You riposte.
You hit the orc.
The orc is severely wounded.
Something hits you but does no damage.
You barely miss something. The orc barely misses you.
You hear some strange, mumbled words.
A magic dart appears from out of thin air!
The magic dart hits you!
* * * LOW HITPOINT WARNING * * *
The orc barely misses you.
You miss something. Something hits you.
* * * LOW HITPOINT WARNING * * *
You block the orc's attack.
It was a potion of cure mutation.
It has a very clean taste.
You block something's attack.
You hit something. The orc hits you but does no damage.
You hear some strange, mumbled words.
A magic dart appears from out of thin air!
The magic dart hits you!
You die...

##.........###### ###
##.#######......# ...#
.#.# #......####...#
##.#######..............
................).......
.......#######'#).....#.
##.###.....# #.#..###.#
#.# #.....# #.#....# #.#
#.....# #.#@{.<# #.#
#...### #.##o### #.#
#.#.# #.. o.. #.# #.#.#
### .### #.# #.#.. ..
#.# #.#..# .. ... ...


You could see 2 orcs.

Vanquished Creatures
  An adder (D:2)
  A worm (D:3)
  2 dart slugs
  2 orcs (D:3)
  3 ball pythons
  5 hobgoblins
  3 jackals (D:2)
  A quokka (D:2)
  3 bats
  A frilled lizard (D:2)
  7 goblins
  5 kobolds
  A rat (D:1)
35 creatures vanquished.

Notes
Turn   | Place    | Note
-------+----------+-------------------------------------------
     0 | D:1      | Jraekied the High Elf Skald began the quest for the Orb.
     0 | D:1      | Reached XP level 1. HP: 14/14 MP: 4/4
   223 | D:1      | Reached skill level 4 in Charms
   414 | D:1      | Reached XP level 2. HP: 18/19 MP: 6/6
   436 | D:1      | Learned a level 2 spell: Song of Slaying
   439 | D:1      | Learned a level 2 spell: Shroud of Golubria
  1448 | D:2      | Reached XP level 3. HP: 18/25 MP: 7/7
  1812 | D:2      | Reached skill level 1 in Shields
  1988 | D:3      | Killed from afar by an orc wizard

Vault maps used:
D:1:      dpeg_arrival_morbid_curiosity
D:3:      kennysheep_the_goblin_king, minmay_unequal, uniq_sigmund

Skill      XL: |  1  2  3 |
---------------+----------+-----
Charms         | 4 |  4.4
Long Blades    | 3 |  3.4
Shields        | 1 |  1.0
Fighting       | |  2.3
Armour         | |  0.8
Dodging        | |  1.1
Spellcasting   | |  2.4

Action                   || total
-------------------------++-------
Melee: Falchion          ||   175
Throw: Stone             ||     3
  Use: Potion            ||     3
 Stab: Sleeping          ||     2
  Eat: Chunk             ||     3
Armor: Leather armour    ||    66
Dodge: Dodged            ||    93
Block: Buckler           ||    26
